 Dungeon Crawl Stone Soup version 0.16.2-12-gd0ad4c3 (webtiles) character file.

239 SlimeFever the Slinger (level 6, -3/39 HPs)
             Began as a Halfling Hunter on Oct 28, 2015.
             Slain by a scorpion (8 damage)
             ... on level 4 of the Dungeon.
             The game lasted 00:24:00 (2470 turns).

SlimeFever the Slinger (Halfling Hunter)            Turns: 2470, Time: 00:24:01

Health: -3/39      AC:  2    Str: 12    XL:     6   Next: 29%
Magic:  6/6        EV: 15    Int: 10    God:
Gold:   134        SH:  4    Dex: 17    Spells: 0 memorised, 5 levels left

rFire  + . .     SeeInvis .     a - +3 dagger
rCold  . . .     Clarity  .     s - +0 robe {rF+}
rNeg   . . .     SustAb   +     i - +0 buckler
rPois  .         Gourm    .     (no helmet)
rElec  .         Spirit   .     (no cloak)
rCorr  .         Warding  .     (no gloves)
rMut   .         Stasis   .     (no boots)
MR     .....                    (no amulet)
Stlth  ++........               (no ring)
                                w - ring of sustain abilities

@: lethally poisoned (-3 -> -12), not resistant to hostile enchantments,
unstealthy
A: mutation resistance 1
a: no special abilities


You were on level 4 of the Dungeon.
You were not hungry.

You visited 1 branch of the dungeon, and saw 4 of its levels.

You collected 134 gold pieces.

Inventory:

Hand weapons
 a - a +3 dagger (weapon)
 b - a +2 hunting sling
 e - a +0 short sword
Missiles
 m - 11 poisoned needles
 n - 3 tomahawks (quivered)
 o - 7 needles of slowing
 t - 92 stones
 v - a throwing net
Armour
 d - a +0 leather armour
 i - a +0 buckler (worn)
 s - a +0 robe of fire resistance (worn)
 B - a +0 cloak
Jewellery
 w - a ring of sustain abilities (left hand)
Scrolls
 c - a scroll of amnesia {unknown}
 l - 2 scrolls of remove curse
 p - 3 scrolls of teleportation
 y - a scroll of fear {unknown}
Potions
 h - a potion of restore abilities
 k - a potion of poison {unknown}
 q - a potion of magic {unknown}
 r - a potion of cancellation {unknown}
 x - a potion of heal wounds {unknown}
Comestibles
 f - 2 bread rations
 g - 5 meat rations
 j - 5 fruits
 u - a beef jerky
 z - a slice of pizza


   Skills:
 + Level 2.0 Fighting
 + Level 0.3(0.7) Short Blades
   Level 0.6 Long Blades
 * Level 9.0 Slings
 + Level 1.3 Armour
 * Level 2.7 Dodging
 * Level 2.3 Stealth
 + Level 0.2 Shields


You had 5 spell levels left.
You didn't know any spells.

Dungeon Overview and Level Annotations

Branches:
Dungeon (4/15)
 Temple: D:4-7

Altars:


Innate Abilities, Weirdness & Mutations

You are small and have problems with some larger weapons.
You are somewhat resistant to further mutation.


Message History

The scorpion is moderately wounded.
You feel sick. The scorpion misses you.
You hit the scorpion but do no damage.
The scorpion is moderately wounded.
You feel sick. You block the scorpion's attack.
You closely miss the scorpion.
The scorpion is moderately wounded.
You feel sick. The scorpion stings you!
You hit the scorpion.
The scorpion is moderately wounded.
You feel sick. The scorpion stings you.
You hit the scorpion.
The scorpion is moderately wounded.
You feel sick. The scorpion stings you.
* * * LOW HITPOINT WARNING * * *
You hit the scorpion.
The scorpion is heavily wounded.
* * * LOW HITPOINT WARNING * * *
You feel sick. The scorpion stings you!
You die...

####+## #.....#
#.....# #.....#
#..@..# #
#..†s.#.#
#..(..#.###
#.........#
####....#.#
#..####.####.#
.........†...>#
...####.####.#
###.####.####.#


You could see a scorpion.

Vanquished Creatures
  A phantom (D:3)
  Jessica (D:3)
  2 adders
  4 gnolls (D:3)
  4 worms
  2 giant geckos
  2 oozes
  An orc (D:3)
  A ball python (D:1)
  5 hobgoblins
  6 jackals (D:1)
  6 bats
  2 giant cockroaches
  A giant newt (D:1)
  8 goblins
  5 kobolds
  8 rats
59 creatures vanquished.

Notes
Turn   | Place    | Note
--------------------------------------------------------------
     0 | D:1      | SlimeFever, the Halfling Hunter, began the quest for the Orb.
     0 | D:1      | Reached XP level 1. HP: 14/14 MP: 1/1
    69 | D:1      | Reached skill level 6 in Slings
   169 | D:1      | Reached XP level 2. HP: 16/19 MP: 2/2
   728 | D:1      | Reached XP level 3. HP: 24/24 MP: 3/3
   928 | D:2      | Reached skill level 7 in Slings
  1749 | D:3      | Reached XP level 4. HP: 22/29 MP: 4/4
  1774 | D:3      | Noticed Jessica
  1781 | D:3      | Killed Jessica
  1806 | D:3      | Noticed a phantom
  1810 | D:3      | Killed a phantom
  1810 | D:3      | Reached skill level 8 in Slings
  1810 | D:3      | Reached skill level 1 in Armour
  1810 | D:3      | Reached XP level 5. HP: 31/34 MP: 5/5
  1878 | D:3      | Reached XP level 6. HP: 20/39 MP: 6/6
  2095 | D:3      | Noticed a scorpion
  2437 | D:4      | Reached skill level 9 in Slings
  2470 | D:4      | Slain by a scorpion

Action                   |  1- 3 |  4- 6 || total
-------------------------+-------+-------++-------
Melee: Short sword       |    49 |       ||    49
       Falchion          |     5 |    26 ||    31
       Dagger            |       |    29 ||    29
 Fire: Hunting sling     |    79 |    42 ||   121
  Use: Scroll            |     6 |     1 ||     7
 Stab: Sleeping          |       |     1 ||     1
  Eat: Bread ration      |     1 |       ||     1
